 Dungeon Crawl Stone Soup version 0.30-a0-778-g2ef04afb54 (webtiles) character file.

Game seed: 459629461124099692

254 HammerPanzer the Cleaver (level 5, -1/45 HPs)
             Began as a Minotaur Berserker on Feb 15, 2023.
             Was a Priest of Trog.
             Slain by an iguana (5 damage)
             ... on level 3 of the Dungeon.
             The game lasted 00:07:21 (2288 turns).

HammerPanzer the Cleaver (Minotaur Berserker)       Turns: 2288, Time: 00:07:21

Health: -1/45      AC:  7    Str: 24    XL:     5   Next: 90%
Magic:  4/4        EV: 11    Int:  4    God:    Trog [***...]
Gold:   240        SH:  2    Dex:  9    Spells: 4/4 levels left

rFire   . . .      SeeInvis .    a - +1 hand axe
rCold   . . .      Faith    .    c - +0 buckler
rNeg    . . .      Spirit   .    v - +0 leather armour
rPois   .          Reflect  .    (helmet restricted)
rElec   .          Harm     .    p - +0 cloak
rCorr   .          Rampage  .    h - +1 pair of gloves
Will    .....                    f - +0 pair of boots
Stlth   +                        (no amulet)
HPRegen 0.27/turn                o - ring of flight
MPRegen 0.09/turn                (no ring)

@: on berserk cooldown, flying, slowed, very slow
A: horns 2, retaliatory headbutt
a: Renounce Religion, Berserk, Trog's Hand


You were on level 3 of the Dungeon.
You worshipped Trog.
Trog was most pleased with you.
You visited 1 branch of the dungeon, and saw 4 of its levels.

You collected 240 gold pieces.

Inventory:

Hand Weapons
 a - a +1 hand axe (weapon)
Missiles
 k - 6 boomerangs (quivered)
 t - 2 poisoned darts
Armour
 c - a +0 buckler (worn)
 f - a +0 pair of boots (worn)
 h - a +1 pair of gloves (worn)
 p - a +0 cloak (worn)
 v - a +0 leather armour (worn)
Jewellery
 o - a ring of flight (left hand)
Potions
 d - 2 potions of invisibility
 e - a potion of mutation
 g - 4 potions of curing
 i - a potion of ambrosia {unknown}
 j - 2 potions of might
 l - 2 potions of flight
 m - a potion of magic {unknown}
 s - a potion of attraction {unknown}
 u - a potion of berserk rage {unknown}


   Skills:
 - Level 3.6 Fighting
 + Level 8.1 Axes
 - Level 2.4 Armour
 - Level 2.1 Dodging


You had 4 spell levels left.
You didn't know any spells.
Your spell library was empty.

Dungeon Overview and Level Annotations

Branches:
Dungeon (4/15)
 Temple: D:4-7

Altars:
Sif Muna
Uskayaw
Vehumet


Innate Abilities, Weirdness & Mutations

You have a pair of horns on your head.
You reflexively headbutt those who attack you in melee.


Message History

Found a radiant altar of Vehumet.
An orc comes into view. It is wielding a +0 hand axe.
You feel your anger nearly subside.
You are no longer berserk.
You are exhausted.
You feel yourself slow down.
An orc comes into view. It is wielding a +0 morningstar.
Press: ? - help, v - describe, . - travel, g - get item Item here: a scroll of silence.
The floor.
Unknown command.
The iguana attacks as you move away! The iguana bites you.
The iguana barely misses you.
There is a stone staircase leading up here.
The iguana bites you!
You fly upwards.
There is a stone staircase leading down here.
You block the iguana's attack. The iguana barely misses you.
You furiously retaliate!
You headbutt the iguana! You closely miss the iguana. You headbutt the iguana.
The iguana is almost dead.
The iguana bites you!
You completely miss the iguana.
The iguana is almost dead.
The iguana misses you.
You hit the iguana but do no damage.
The iguana is almost dead.
You block the iguana's attack. The iguana barely misses you.
You hit the iguana but do no damage. Your headbutt misses the iguana.
The iguana is almost dead.
The iguana closely misses you. You furiously retaliate!
You headbutt the iguana. You hit the iguana but do no damage.
The iguana is almost dead.
The iguana bites you but does no damage.
The iguana bites you!
* * * LOW HITPOINT WARNING * * *
You hit the iguana.
The iguana is almost dead.
The iguana bites you.
You die...

.#..#.##............##.#.##.#####
....................##.#.##.#
.#..........###.............#
....................##.#.##.#
##..#.......###.....#....##.#
............# #...###..####.#
##..........# #...#....####.#
##..........###...#.##.#....#####
##....##.......>@................
##.............l......<..####.###
.....###.)....#..................
###.## #......#.#.#.##.#.####.###
....# #..........#.##.#.####.#
....####.#......#...#.........#
.........|...............###..#
...##....#......##..#..#.###..#
.........#..>...##..#.........#


You could see an iguana.

Vanquished Creatures
  An ogre (D:4)
  Jessica (D:3)
  An adder (D:2)
  4 gnolls (D:2)
  3 worms
  3 dart slugs
  An orc (D:3)
  2 ball pythons
  10 bats
  7 endoplasms
  7 goblins
  12 hobgoblins
  4 jackals
  5 kobolds
  5 quokkas
  2 frilled lizards
  7 rats
75 creatures vanquished.

Notes
Turn   | Place    | Note
-------+----------+-------------------------------------------
     0 | D:1      | HammerPanzer the Minotaur Berserker began the quest for the
                  | Orb.
     0 | D:1      | Reached XP level 1. HP: 19/19 MP: 0/0
    75 | D:1      | Reached skill level 4 in Axes
   122 | D:1      | Reached XP level 2. HP: 26/26 MP: 1/1
   247 | D:1      | Found a faded altar of an unknown god.
   314 | D:1      | Reached skill level 5 in Axes
   332 | D:1      | Reached ** piety under Trog
   346 | D:1      | Reached XP level 3. HP: 31/31 MP: 2/2
   904 | D:2      | Reached skill level 6 in Axes
   904 | D:2      | Reached XP level 4. HP: 34/39 MP: 3/3
  1460 | D:3      | Noticed Jessica
  1467 | D:3      | Killed Jessica
  1468 | D:3      | Reached skill level 7 in Axes
  1468 | D:3      | Reached XP level 5. HP: 45/45 MP: 4/4
  1674 | D:3      | Found a shimmering blue altar of Sif Muna.
  1720 | D:3      | Reached *** piety under Trog
  2025 | D:3      | Found a hide-covered altar of Uskayaw.
  2268 | D:4      | Noticed an ogre
  2272 | D:4      | Killed an ogre
  2273 | D:4      | Reached skill level 8 in Axes
  2275 | D:4      | Found a radiant altar of Vehumet.
  2288 | D:3      | Slain by an iguana

Illustrated notes

Levels and vault maps discovered:
D:1:      minmay_arrival_loop, layout_rooms, hellmonk_ecumenical_altar_zigzags,
          minmay_misc_feat_encased
D:2:      layout_basic, cheibrodos_gnoll_hut
D:3:      layout_basic, mainiacjoe_overflow_large_starburst, uniq_jessica
D:4:      layout_rooms, mainiacjoe_overflow_chevrons, serial_shops, shop

Skill      XL: |  1  2  3  4  5 |
---------------+----------------+-----
Axes           | 4 5 6 7 8 |  8.1
Fighting       | |  3.6
Armour         | |  2.4
Dodging        | |  2.1

Action                     |  1- 3 |  4- 6 || total
---------------------------+-------+-------++-------
  Melee: Hand axe          |    91 |    75 ||   166
         Headbutt          |    12 |     9 ||    21
 Invoke: Berserk           |     2 |     2 ||     4
    Use: Scroll            |     6 |     8 ||    14
 Armour: Animal skin       |    28 |    18 ||    46
         Leather armour    |       |     2 ||     2
  Dodge: Dodged            |    49 |    43 ||    92
  Block: Buckler           |    15 |    10 ||    25

Table legend: (Time is in decaauts)
 A = Elapsed time spent in this place.
 B = Non-inter-level travel time spent in this place.
 C = Inter-level travel time spent in this place.
 D = Time resting spent in this place.
 E = Time spent auto-exploring this place.
 F = Levels seen in this place.
 G = Mean time per level.
                   A        B        C        D        E       F      G
               +--------+--------+--------+--------+--------+-----+--------+
         Total |   2322 |   2253 |     69 |    205 |   1405 |   4 |  580.5 |
       Dungeon |   2322 |   2253 |     69 |    205 |   1405 |   4 |  580.5 |
               +--------+--------+--------+--------+--------+-----+--------+

Top non-repeatable levels by time:
     D:3: 870 daAuts
     D:2: 827 daAuts
     D:1: 612 daAuts
     D:4: 12 daAuts
